 Dungeon Crawl Stone Soup version 0.28-a0-726-g4a9143789a (webtiles) character file.

Game seed: 18042876115624639175

7 cheechan the Skirmisher (level 2, -5/28 HPs)
             Began as a Naga Fighter on Oct 27, 2021.
             Slain by a gnoll (7 damage)
             ... on level 1 of the Dungeon.
             The game lasted 00:00:59 (232 turns).

cheechan the Skirmisher (Naga Fighter)               Turns: 232, Time: 00:01:00

Health: -5/28      AC:  5    Str: 18    XL:     2   Next: 4%
Magic:  2/2        EV:  7    Int:  8    God:
Gold:   9          SH:  4    Dex: 10    Spells: 1/1 levels left

rFire   . . .      SeeInvis +   a - +0 war axe
rCold   . . .      Faith    .   c - +0 buckler
rNeg    . . .      Spirit   .   b - +0 scale mail
rPois   +          Reflect  .   g - +0 helmet
rElec   .          Harm     .   (no cloak)
rCorr   .          Rampage  .   (no gloves)
Will    .....                   (no barding)
Stlth   ..........              (no amulet)
HPRegen 0.09/turn               (no ring)
MPRegen 0.08/turn               (no ring)

@: very slow
A: AC +0, large, see invisible, deformed body, poison resistance, slowness 2,
spit poison 1, naga tail 1
a: Spit Poison


You were on level 1 of the Dungeon.
You visited 1 branch of the dungeon, and saw 1 of its levels.

You collected 9 gold pieces.

Inventory:

Hand Weapons
 a - a +0 war axe (weapon)
Missiles
 e - 14 bolts
 h - 18 stones
Armour
 b - a +0 scale mail (worn)
 c - a +0 buckler (worn)
 g - a +0 helmet (worn)
Scrolls
 i - a scroll of identify {unknown}
Potions
 d - a potion of might
 f - a potion of brilliance {unknown}


   Skills:
 + Level 3.1 Fighting
 + Level 2.1 Axes
 + Level 2.5 Armour
 + Level 2.5 Shields


You had one spell level left.
You didn't know any spells.
Your spell library was empty.

Dungeon Overview and Level Annotations

Branches:
Dungeon (1/15)

Altars:


Innate Abilities, Weirdness & Mutations

Your serpentine skin is tough. (AC +0)
You have supernaturally acute eyesight. (SInv)
Armour fits poorly on your strangely shaped body.
Your system is resistant to poisons. (rPois)
You cover ground very slowly.
You can spit poison.
You have a snake-like lower body.


Message History

Abil: Spit Poison
Press: ? - help, Q - select action, (/) - cycle Shift-Dir - straight line, f - bat
Aim: a bat The splash of poison misses the bat.
The bat closely misses you. The bat hits you.
A hobgoblin comes into view.
Found 9 gold pieces.
The hobgoblin shouts!
The bat barely misses you.
You barely miss the bat. You block the bat's attack.
A gnoll comes into view. It is wielding a +0 whip.
The bat hits you but does no damage.
You closely miss the bat. The bat barely misses you.
You have got your breath back.
The bat barely misses you. The bat hits you but does no damage.
The bat closely misses you. The hobgoblin barely misses you.
The bat barely misses you.
The hobgoblin hits you but does no damage.
You hit the gnoll but do no damage. You closely miss the hobgoblin.
The bat hits you but does no damage. The gnoll hits you with a +0 whip.
You block the hobgoblin's attack. The gnoll hits you with a +0 whip.
You hit the hobgoblin but do no damage. You hit the gnoll.
The bat hits you but does no damage. The hobgoblin completely misses you.
The gnoll hits you but does no damage. The hobgoblin hits you.
You hit the gnoll.
The gnoll is severely wounded.
You completely miss the hobgoblin. You block the bat's attack.
The bat hits you but does no damage. The gnoll hits you with a +0 whip.
* * * LOW HITPOINT WARNING * * *
The hobgoblin barely misses you.
You closely miss the gnoll.
The gnoll is severely wounded.
You hit the hobgoblin. The bat barely misses you. x2
The gnoll hits you with a +0 whip.
* * * LOW HITPOINT WARNING * * *
The hobgoblin hits you.
* * * LOW HITPOINT WARNING * * *
The gnoll hits you with a +0 whip!
You die...

#......# ##.##
#......# #..#
#......# ##.##
#......# #..# #
#......# ##.###.#
#......#
#######.#...#
#......#
########....).)..#
########
...........#####.#
..$...g@...# ^#
.......g...# .#
.....b.....# .#
............. .#
...........### .#
#####....#.. [#
#.##.#### #. ...


You could see a gnoll, a hobgoblin and a bat.

Vanquished Creatures
  A giant cockroach (D:1)
  A goblin (D:1)
  A hobgoblin (D:1)
  2 bats (D:1)
  A kobold (D:1)
  2 rats (D:1)
8 creatures vanquished.

Notes
Turn   | Place    | Note
-------+----------+-------------------------------------------
     0 | D:1      | cheechan the Naga Fighter began the quest for the Orb.
     0 | D:1      | Reached XP level 1. HP: 21/21 MP: 1/1
   209 | D:1      | Reached XP level 2. HP: 28/28 MP: 2/2
   232 | D:1      | Slain by a gnoll

Illustrated notes

Levels and vault maps discovered:
D:1:      dpeg_arrival_pits, layout_basic, minmay_tree_intersection

Action                   || total
-------------------------++-------
Melee: War axe           ||    20
 Abil: Spit Poison       ||     2
Armor: Scale mail        ||    16
Dodge: Dodged            ||    16
Block: Buckler           ||     6

Table legend: (Time is in decaauts)
 A = Elapsed time spent in this place.
 B = Non-inter-level travel time spent in this place.
 C = Inter-level travel time spent in this place.
 D = Time resting spent in this place.
 E = Time spent auto-exploring this place.
 F = Levels seen in this place.
 G = Mean time per level.
                   A        B        C        D        E       F      G
               +--------+--------+--------+--------+--------+-----+--------+
         Total |    319 |    319 |      0 |      0 |      0 |   1 |  319.0 |
       Dungeon |    319 |    319 |      0 |      0 |      0 |   1 |  319.0 |
               +--------+--------+--------+--------+--------+-----+--------+

Top non-repeatable levels by time:
     D:1: 319 daAuts
